 Dungeon Crawl Stone Soup version 0.21.1-1-g345015fe64 (webtiles) character file.

1432 Gargoyl the Chopper (level 8, 0/100 HPs)
             Began as a Centaur Abyssal Knight on July 3, 2018.
             Was a Priest of Lugonu.
             Slain by an orc warrior
             ... wielding a cursed -2 war axe
              (1 damage)
             ... on level 6 of the Dungeon on July 4, 2018.
             The game lasted 00:10:52 (5538 turns).

Gargoyl the Chopper (Centaur Abyssal Knight)        Turns: 5538, Time: 00:10:53

Health: 0/100      AC: 16    Str: 22    XL:     8   Next: 45%
Magic:  11/11      EV:  6    Int: 11    God:    Lugonu [***...]
Gold:   43         SH:  0    Dex: 14    Spells: 7/7 levels left

rFire    . . .     SeeInvis .   a - +3 hand axe
rCold    . . .     Gourm    .   (no shield)
rNeg     . . .     Faith    .   s - +3 chain mail {rPois}
rPois    +         Spirit   .   n - +2 helmet
rElec    .         Reflect  .   p - +0 cloak
rCorr    .         Harm     .   (no gloves)
MR       .....     Rnd*Tele +   (no barding)
Stlth    ..........             o - amulet of rage
HPRegen  0.26/turn              r - ring of teleportation (curse)
MPRegen  0.12/turn              m - +5 ring of dexterity

@: berserking (expiring), flying, starving, very quick
A: large, hooves 3, deformed body, speed 2, tough skin 3
a: Depart the Abyss, Bend Space, Banish, Renounce Religion, Evoke Berserk Rage


You were on level 6 of the Dungeon.
You worshipped Lugonu.
Lugonu was most pleased with you.
You were starving.

You visited 1 branch of the dungeon, and saw 6 of its levels.
You visited the Abyss 1 time.

You collected 278 gold pieces.
You spent 235 gold pieces at shops.

Inventory:

Hand Weapons
 a - a +3 hand axe (weapon)
 b - the +3 falchion "Ymiysaick" {pain, rF++ Int+4}
   (You found it on level 5 of the Dungeon)

   In the hands of one skilled in necromantic magic, it inflicts extra damage on
   living creatures.
   It affects your intelligence (+4).
   It greatly protects you from fire.
Missiles
 k - 13 javelins (quivered)
Armour
 n - a +2 helmet (worn)
 p - a +0 cloak (worn)
 s - a +3 chain mail of poison resistance (worn)
Jewellery
 e - an uncursed ring of protection from cold
 m - a +5 ring of dexterity (right hand)
 o - an amulet of rage (around neck)
 r - a cursed ring of teleportation (left hand)
Wands
 g - a wand of polymorph (5)
Scrolls
 d - 2 scrolls of identify
 f - a scroll of magic mapping
 i - a scroll of remove curse
 j - 5 scrolls of teleportation
 l - a scroll of amnesia
Potions
 h - 2 potions of curing
Comestibles
 c - 11 rations


   Skills:
 + Level 4.8 Fighting
 + Level 5.5 Axes
 + Level 0.1 Throwing
 * Level 4.8 Armour
 + Level 1.7 Dodging
 * Level 4.9 Invocations


You had 7 spell levels left.
You didn't know any spells.

Dungeon Overview and Level Annotations

Branches:
Dungeon (6/15)             Temple (0/1) D:5

Altars:
Dithmenos
Qazlal

Shops:
D:6 [


Innate Abilities, Weirdness & Mutations

You have hooves in place of feet.
Armour fits poorly on your strangely shaped body.
You cover ground very quickly.
You have extremely tough skin. (AC +3)


Message History

The orc warrior is severely wounded.
The orc warrior hits you with a war axe!
* * * LOW HITPOINT WARNING * * *
You completely miss the orc warrior.
The orc warrior is severely wounded.
Unknown command.
You hit the orc warrior but do no damage.
You kick the orc warrior, but do no damage.
The orc warrior is severely wounded.
The orc warrior hits you with a war axe.
* * * LOW HITPOINT WARNING * * *
Unknown command.
You hit the orc warrior.
The orc warrior is almost dead.
Unknown command.
Your chain mail prevents you from hitting the orc warrior.
Your kick misses the orc warrior.
The orc warrior is almost dead.
The orc warrior hits you with a war axe.
You die...

#.......###[#
#.#...∩...#
#.#.#...#.#
#.#.#####.# #.#.#
# #.#.# #.#..
#.#########
####..@ol..)..
#.##...[)##......
#......(.........
####.....##......
#(....# .....
#.....# ###.
#.....# #.....#
#.....#


You could see an orc warrior and a leopard gecko.

Vanquished Creatures
  Grinder (D:5)
  A naga (D:5)
  Duvessa (D:4)
  An ogre (D:6)
  A sky beast (D:5)
  Dowan (D:3)
  2 bullfrogs
  3 wights (D:6)
  3 crimson imps (D:5)
  A centaur skeleton (D:4)
  2 hounds (D:5)
  A jelly (D:5)
  A bullfrog skeleton (D:4)
  Terence (D:2)
  A worker ant (D:5)
  2 hound skeletons
  A hound zombie (D:5)
  Robin (D:2)
  A gnoll (D:5)
  7 adders
  A howler monkey skeleton (D:5)
  A white imp (Abyss:2)
  2 oozes (D:4)
  An adder zombie (D:5)
  3 worms
  A dart slug (D:2)
  5 leopard geckos
  4 orcs
  5 bats
  3 giant cockroaches
  8 goblins
  8 hobgoblins
  13 jackals
  3 kobolds
  A quokka (D:2)
  8 frilled lizards
  A rat (D:3)
101 creatures vanquished.

Notes
Turn   | Place    | Note
-------+----------+-------------------------------------------
     0 | Abyss:1  | Gargoyl the Centaur Abyssal Knight began the quest for the Orb.
     0 | Abyss:1  | Reached XP level 1. HP: 19/19 MP: 2/2
    33 | Abyss:2  | Found a corrupted altar of Lugonu.
    61 | Abyss:2  | Noticed a small abomination
    66 | Abyss:2  | Noticed a deep elf demonologist
    71 | Abyss:2  | Noticed a ynoxinul
   153 | Abyss:2  | Found a corrupted altar of Lugonu.
   167 | Abyss:2  | Noticed a water elemental
   178 | Abyss:2  | Noticed an ice beast
   186 | Abyss:2  | Noticed a hellwing
   188 | Abyss:2  | Noticed a quasit
   192 | Abyss:2  | Noticed a chaos spawn
   230 | Abyss:3  | Found a corrupted altar of Lugonu.
   264 | Abyss:3  | Noticed a large abomination
   281 | Abyss:3  | Noticed a small abomination
   287 | Abyss:3  | Noticed an iron imp
   298 | Abyss:3  | Noticed a fire elemental
   299 | Abyss:3  | Noticed a large abomination
   306 | Abyss:3  | Noticed a large abomination
   319 | Abyss:3  | Found an ornate altar of the Wu Jian Council.
   327 | Abyss:3  | Noticed a neqoxec
   331 | D:1      | Escaped the Abyss
   592 | D:1      | Reached XP level 2. HP: 26/26 MP: 3/3
  1242 | D:2      | Noticed Robin
  1250 | D:2      | Reached * piety under Lugonu
  1250 | D:2      | Reached XP level 3. HP: 18/31 MP: 4/4
  1254 | D:2      | Killed Robin
  1254 | D:2      | Reached skill level 1 in Dodging
  1397 | D:2      | Reached skill level 2 in Axes
  1502 | D:2      | Noticed Terence
  1518 | D:2      | Killed Terence
  1518 | D:2      | Reached XP level 4. HP: 24/39 MP: 5/5
  2856 | D:4      | Noticed Duvessa
  2856 | D:4      | Noticed Dowan
  2859 | D:4      | Reached ** piety under Lugonu
  2864 | D:4      | Reached XP level 5. HP: 37/46 MP: 7/7
  3085 | D:4      | Killed Duvessa
  3088 | D:4      | Reached skill level 3 in Axes
  3088 | D:4      | Reached XP level 6. HP: 20/52 MP: 8/8
  3144 | D:3      | HP: 1/52 [Dowan/stone arrow (17)]
  3151 | D:3      | Killed Dowan
  3896 | D:5      | Entered Level 5 of the Dungeon
  3938 | D:5      | Noticed Grinder
  3956 | D:5      | Killed Grinder
  3956 | D:5      | Reached skill level 4 in Axes
  3956 | D:5      | Reached XP level 7. HP: 57/59 MP: 9/9
  4412 | D:5      | Found a staircase to the Ecumenical Temple.
  4857 | D:5      | Found a shadowy altar of Dithmenos.
  4872 | D:5      | Found a stormy altar of Qazlal.
  4983 | D:5      | Reached XP level 8. HP: 62/67 MP: 11/11
  4994 | D:5      | Reached skill level 5 in Axes
  5104 | D:5      | Reached *** piety under Lugonu
  5149 | D:5      | Got a jewelled falchion
  5150 | D:5      | Identified the +3 falchion "Ymiysaick" {pain, rF++ Int+4} (You found it on level 5 of the Dungeon)
  5183 | D:6      | Found Kairon's Armour Emporium.
  5195 | D:6      | Bought a +3 chain mail of poison resistance for 235 gold pieces
  5534 | D:6      | HP: 4/100 [orc warrior/war axe (7)]
  5536 | D:6      | HP: 1/100 [orc warrior/war axe (3)]
  5538 | D:6      | Slain by an orc warrior

Skill      XL: |  1  2  3  4  5  6  7  8 |
---------------+-------------------------+-----
Dodging        | 1 |  1.7
Axes           | 2 3 4 5 |  5.5
Armour         | 2 3 4 |  4.8
Invocations    | 3 4 |  4.9
Fighting       | 4 |  4.8
Throwing       | |  0.1

Action                   |  1- 3 |  4- 6 |  7- 9 || total
-------------------------+-------+-------+-------++-------
Melee: Hand axe          |    75 |   149 |   150 ||   374
       Kick              |    14 |    36 |    34 ||    84
Throw: Javelin           |       |       |     4 ||     4
Invok: Depart the Abyss  |     1 |       |       ||     1
 Abil: Evoke Berserk Rag |       |       |     1 ||     1
Evoke: Wand              |     2 |       |     1 ||     3
  Use: Scroll            |     5 |     7 |     3 ||    15
       Potion            |       |     5 |     4 ||     9
  Eat: Chunk             |       |     7 |       ||     7
       Ration            |       |       |     1 ||     1
Armor: Ring mail         |     3 |       |       ||     3
       Plate armour      |    67 |   153 |    62 ||   282
       Skin              |     1 |     3 |    30 ||    34
       Chain mail        |       |       |    44 ||    44
Dodge: Dodged            |    17 |    28 |    33 ||    78
